 Dungeon Crawl Stone Soup version 0.27.1-33-g824d729ab1 (webtiles) character file.

Game seed: 8431901757526402389

146 comborobin the Covert (level 5, -3/47 HPs)
             Began as a Gnoll Delver on Dec 28, 2021.
             Killed from afar by an orc wizard (9 damage)
             ... with a puff of flame
             ... on level 7 of the Dungeon.
             The game lasted 00:01:09 (937 turns).

comborobin the Covert (Gnoll Delver)                 Turns: 937, Time: 00:01:10

Health: -3/47      AC:  5    Str: 11    XL:     5   Next: 28%
Magic:  7/7        EV: 15    Int: 11    God:
Gold:   77         SH:  0    Dex: 13    Spells: 6/6 levels left

rFire    . . .     SeeInvis .     - Unarmed
rCold    . . .     Faith    .   (no shield)
rNeg     . . .     Spirit   .   i - +0 ring mail
rPois    .         Reflect  .   (no helmet)
rElec    .         Harm     .   (no cloak)
rCorr    .         Rampage  .   (no gloves)
Will     .....                  (no boots)
Stlth    ++++......             (no amulet)
HPRegen  0.15/turn              m - +4 ring of evasion
MPRegen  0.10/turn              (no ring)

@: on berserk cooldown, attractive, slowed, very slow
A: fangs 1, strong nose, distributed training
a: no special abilities


You were on level 7 of the Dungeon.
You visited 1 branch of the dungeon, and saw 3 of its levels.

You collected 77 gold pieces.

Inventory:

Armour
 a - a +0 leather armour
 i - a +0 ring mail (worn)
Jewellery
 m - a +4 ring of evasion (left hand)
Wands
 f - a wand of digging (3)
Scrolls
 b - a scroll of fog
 c - a scroll of magic mapping
 d - a scroll of fear
 e - a scroll of immolation {unknown}
 g - 2 scrolls of teleportation {unknown}
 k - a scroll of noise {unknown}
 l - a scroll of identify {unknown}


   Skills:
 + Level 6.7 Fighting
 + Level 1.4 Short Blades
 + Level 1.4 Long Blades
 + Level 1.4 Axes
 + Level 1.4 Maces & Flails
 + Level 1.4 Polearms
 + Level 1.4 Staves
 + Level 1.4 Slings
 + Level 1.4 Bows
 + Level 1.4 Crossbows
 + Level 1.4 Throwing
 + Level 1.4 Armour
 + Level 4.7 Dodging
 + Level 9.6 Stealth
 + Level 1.4 Shields
 + Level 4.7 Unarmed Combat
 + Level 1.4 Spellcasting
 + Level 1.1 Conjurations
 + Level 1.1 Hexes
 + Level 1.1 Summonings
 + Level 1.1 Necromancy
 + Level 1.1 Translocations
 + Level 1.1 Transmutations
 + Level 1.1 Fire Magic
 + Level 1.1 Ice Magic
 + Level 1.1 Air Magic
 + Level 1.1 Earth Magic
 + Level 1.1 Poison Magic
 + Level 1.6 Invocations
 + Level 1.4 Evocations


You had 6 spell levels left.
You didn't know any spells.
Your spell library was empty.

Dungeon Overview and Level Annotations

Branches:
Dungeon (8/15)
 Temple: D:4-7         Lair: D:8-11

Altars:
Dithmenos


Innate Abilities, Weirdness & Mutations

You have very sharp teeth.
Your uncanny sense of smell can sniff out nearby items.
Your experience applies equally to all skills.


Message History

The orc wizard gestures at you while chanting.
The magic dart hits you.
You hit the orc wizard but do no damage.
The orc wizard is moderately wounded.
The orc wizard casts a spell at you. The puff of flame hits you!
You closely miss the orc wizard.
The orc wizard is moderately wounded.
The orc wizard casts a spell at you. The puff of flame hits you!
* * * LOW HITPOINT WARNING * * *
The orc wizard casts a spell at you. The magic dart hits you.
* * * LOW HITPOINT WARNING * * *
It was a potion of attraction.
You feel attractive to monsters.
The orc wizard casts a spell.
The orc wizard flickers and vanishes!
Deactivating autopickup; reactivate with Ctrl-A.
The orc wizard hits you but does no damage.
Unknown command.
You barely miss the orc wizard. Your bite misses the orc wizard.
The orc wizard is moderately wounded.
The orc wizard gestures at you while chanting.
You resist with some effort.
You closely miss the orc wizard.
The orc wizard is moderately wounded.
The orc wizard barely misses you.
The orc wizard hits you with a +0 dagger of protection.
* * * LOW HITPOINT WARNING * * *
You hit the orc wizard but do no damage.
The orc wizard is moderately wounded.
The orc wizard closely misses you.
Unknown command.
You hit the orc wizard but do no damage.
The orc wizard is moderately wounded.
The orc wizard misses you. The orc wizard casts a spell at you.
The puff of flame hits you!
You die...

..... ... ... ...
#o# #{# ##### #o#
#...# #@# #...# #.#
#...#########
###.####...##......#
#.........(.#.####.#
#.#.####....#.# #.#
#...#.#
#.#.......#.#.####.#
#...#.# #
#######.#.#.#....#
#...#.## #####
#.#.#.#.####
#......#
.....##.#.#.#.####


You could see an orc wizard and an orc.

Vanquished Creatures
  A water moccasin skeleton (D:7)
  A hound (D:7)
  An orc priest (D:7)
  2 howler monkey zombies (D:7)
  A shadow imp (D:7)
  3 orcs (D:7)
9 creatures vanquished.

Vanquished Creatures (others)
  18 fungi (D:8)
18 creatures vanquished.

Grand Total: 27 creatures vanquished

Notes
Turn   | Place    | Note
-------+----------+-------------------------------------------
     0 | D:5      | Reached skill level 9 in Stealth
     0 | D:5      | comborobin the Gnoll Delver began the quest for the Orb.
     0 | D:5      | Reached XP level 1. HP: 23/23 MP: 1/1
    39 | D:5      | You fall into a shaft and drop 2 floors!
    88 | D:7      | Reached XP level 2. HP: 26/29 MP: 2/2
   129 | D:7      | Found a shadowy altar of Dithmenos.
   190 | D:7      | Reached skill level 1 in Invocations
   190 | D:7      | Reached XP level 3. HP: 29/35 MP: 2/4
   257 | D:7      | Reached skill level 1 in Short Blades
   257 | D:7      | Reached skill level 1 in Long Blades
   257 | D:7      | Reached skill level 1 in Axes
   257 | D:7      | Reached skill level 1 in Maces & Flails
   257 | D:7      | Reached skill level 1 in Polearms
   257 | D:7      | Reached skill level 1 in Staves
   257 | D:7      | Reached skill level 1 in Slings
   257 | D:7      | Reached skill level 1 in Bows
   257 | D:7      | Reached skill level 1 in Crossbows
   257 | D:7      | Reached skill level 1 in Throwing
   257 | D:7      | Reached skill level 1 in Armour
   257 | D:7      | Reached skill level 1 in Shields
   257 | D:7      | Reached skill level 1 in Spellcasting
   257 | D:7      | Reached skill level 1 in Conjurations
   257 | D:7      | Reached skill level 1 in Hexes
   257 | D:7      | Reached skill level 1 in Summonings
   257 | D:7      | Reached skill level 1 in Necromancy
   257 | D:7      | Reached skill level 1 in Translocations
   257 | D:7      | Reached skill level 1 in Transmutations
   257 | D:7      | Reached skill level 1 in Fire Magic
   257 | D:7      | Reached skill level 1 in Ice Magic
   257 | D:7      | Reached skill level 1 in Air Magic
   257 | D:7      | Reached skill level 1 in Earth Magic
   257 | D:7      | Reached skill level 1 in Poison Magic
   257 | D:7      | Reached skill level 1 in Evocations
   257 | D:7      | Reached XP level 4. HP: 30/41 MP: 5/5
   486 | D:7      | Reached XP level 5. HP: 13/47 MP: 5/7
   937 | D:7      | Killed from afar by an orc wizard

Illustrated notes

Levels and vault maps discovered:
D:5:      layout_cave_pools, kennysheep_diamond
D:7:      layout_basic, lemuel_doored_altar, minmay_misc_feat_plants
D:8:      layout_rooms, mainiacjoe_overflow_chevrons,
          mainiacjoe_overflow_catch_the_wave, serial_shops,
          nicolae_shop_crystal, uniq_pikel

Skill      XL: |  1  2  3 |
---------------+----------+-----
Stealth        | |  9.6
Invocations    | 1 |  1.6
Short Blades   | 1 |  1.4
Long Blades    | 1 |  1.4
Axes           | 1 |  1.4
Maces & Flails | 1 |  1.4
Polearms       | 1 |  1.4
Staves         | 1 |  1.4
Slings         | 1 |  1.4
Bows           | 1 |  1.4
Crossbows      | 1 |  1.4
Throwing       | 1 |  1.4
Armour         | 1 |  1.4
Shields        | 1 |  1.4
Spellcasting   | 1 |  1.4
Conjurations   | 1 |  1.1
Hexes          | 1 |  1.1
Summonings     | 1 |  1.1
Necromancy     | 1 |  1.1
Translocations | 1 |  1.1
Transmutations | 1 |  1.1
Fire Magic     | 1 |  1.1
Ice Magic      | 1 |  1.1
Air Magic      | 1 |  1.1
Earth Magic    | 1 |  1.1
Poison Magic   | 1 |  1.1
Evocations     | 1 |  1.4
Fighting       | |  6.7
Dodging        | |  4.7
Unarmed Combat | |  4.7

Action                   |  1- 3 |  4- 6 || total
-------------------------+-------+-------++-------
Melee: Unarmed           |    35 |    54 ||    89
       Bite              |     4 |     4 ||     8
       Punch             |     1 |       ||     1
  Use: Potion            |       |     3 ||     3
 Stab: Sleeping          |     1 |       ||     1
Armor: Ring mail         |     7 |     9 ||    16
Dodge: Dodged            |    19 |    23 ||    42
